 Dungeon Crawl Stone Soup version 0.24-a0-537-g2d01d4ab0a (webtiles) character file.

Game seed: 1195720328565718229

19568 Flugkiller the Nimble (level 12, 0/79 HPs)
             Began as an Octopode Wanderer on Aug 12, 2019.
             Was an Elder of Kikubaaqudgha.
             Slain by a polar bear (2 damage)
             ... in an ice cave.
             The game lasted 00:33:36 (16197 turns).

Flugkiller the Nimble (Octopode Wanderer)          Turns: 16197, Time: 00:33:37

Health: 0/79       AC:  7    Str: 14    XL:     12   Next: 70%
Magic:  16/16      EV: 22    Int: 23    God:    Kikubaaqudgha [****..]
Gold:   693        SH:  0    Dex: 15    Spells: 4/17 levels left

rFire    + . .     SeeInvis .   B - +9 great mace of Flawed Execution {elec, rN+ MR+ Int+3}
rCold    . . .     Gourm    .   (shield currently unavailable)
rNeg     + . .     Faith    +   (helmet restricted)
rPois    .         Spirit   .   y - amulet of faith
rElec    .         Reflect  .   x - +5 ring of intelligence
rCorr    .         Harm     .   n - +2 ring of strength
MR       +....                  M - +6 ring of protection
Stlth    ++++......             h - ring of protection from fire
HPRegen  0.23/turn              (no ring)
MPRegen  0.15/turn              (no ring)
                                (no ring)
                                (no ring)

@: no status effects
A: almost no armour, stealthy swim, amphibious, 8 rings, constrict 8, camouflage
1, gelatinous body 1
a: Receive Corpses, Renounce Religion


You were in an ice cave.
You worshipped Kikubaaqudgha.
Kikubaaqudgha was greatly pleased with you.
You were hungry.

You visited 2 branches of the dungeon, and saw 12 of its levels.
You also visited: Ice Cave.

You collected 693 gold pieces.

Inventory:

Hand Weapons
 a - a +4 flail of freezing
   (You took it off a wight on level 8 of the Dungeon)
 b - a +4 flail of crushing
   (You took it off an orc on level 8 of the Dungeon)
 B - the +9 great mace of Flawed Execution (weapon) {elec, rN+ MR+ Int+3}
   (You took it off a frost giant in an ice cave)

   Occasionally, upon striking a foe, it will discharge some electrical energy
   and cause terrible harm.
   It affects your intelligence (+3).
   It protects you from negative energy.
   It affects your resistance to hostile enchantments.
 N - a +2 battleaxe of freezing
   (You found it in an ice cave)
 S - a +1 battleaxe of freezing
   (You found it in an ice cave)
Missiles
 i - 71 poisoned darts (quivered)
 u - 260 stones
 H - 8 javelins
Armour
 o - a +0 buckler
   (You found it on level 1 of the Dungeon)
 p - a +0 large shield
   (You found it on level 5 of the Dungeon)
Jewellery
 h - a ring of protection from fire (on tentacle)
   (You found it on level 1 of the Dungeon)
 n - a +2 ring of strength (right tentacle)
   (You found it on level 1 of the Dungeon)
 x - a +5 ring of intelligence (left tentacle)
   (You found it on level 3 of the Dungeon)
 y - an amulet of faith (around mantle)
   (You found it on level 3 of the Dungeon)
 I - a +5 ring of evasion
   (You took it off an orc on level 7 of the Dungeon)
 M - a +6 ring of protection (on tentacle)
   (You found it on level 8 of the Dungeon)
 R - a cursed ring of attention {unknown}
   (You found it on level 1 of the Lair of Beasts)
Wands
 A - a wand of enslavement (2)
   (You found it on level 5 of the Dungeon)
 K - a wand of paralysis (7)
   (You found it on level 8 of the Dungeon)
 P - a wand of random effects (25)
   (You found it on level 1 of the Lair of Beasts)
Scrolls
 e - 6 scrolls of remove curse
 l - a scroll of fear
 m - 2 scrolls of amnesia
 q - 2 scrolls of random uselessness {unknown}
 s - a scroll of fog
 t - a scroll of enchant armour {unknown}
 v - 4 scrolls of teleportation
 w - a scroll of magic mapping
 F - a scroll of enchant weapon
 J - 2 scrolls of vulnerability
 L - 2 scrolls of blinking
Potions
 c - 2 potions of lignification
 d - a potion of magic {unknown}
 g - 4 potions of haste
 j - a potion of berserk rage
 k - 2 potions of agility
 r - 3 potions of heal wounds
 z - 2 potions of flight
 D - 5 potions of curing
 E - a potion of degeneration {unknown}
 G - 8 potions of might
 O - a potion of brilliance {unknown}
Miscellaneous
 Q - a lightning rod (4/4)
   (You found it on level 1 of the Lair of Beasts)
Comestibles
 f - 16 rations


   Skills:
 - Level 6.0 Fighting
 - Level 10.0 Maces & Flails
   Level 2.0 Polearms
 + Level 12.1 Dodging
 - Level 5.3 Stealth
 - Level 4.3 Shields
 - Level 3.0 Spellcasting
 - Level 10.0 Necromancy
 - Level 1.0 Translocations
 - Level 5.1 Evocations


You had 4 spell levels left.
You knew the following spells:

 Your Spells              Type           Power        Failure   Level  Hunger
a - Corpse Rot            Necr           N/A          1%          2    ##.....
b - Animate Dead          Necr           N/A          1%          4    ####...
c - Agony                 Necr           #####...     5%          5    ######.
r - Blink                 Tloc           N/A          12%         2    ##.....

Your spell library contained the following spells:

 Spells                   Type           Power        Failure   Level  Hunger
 Pain                     Necr           ####         1%          1    None
 Sublimation of Blood     Necr           #####.....   1%          2    ##.....
 Vampiric Draining        Necr           #####.....   1%          3    ###....
 Corona                   Hex            #......      12%         1    None
 Magic Dart               Conj           #...         12%         1    None
 Call Imp                 Summ           #.......     17%         2    ##.....
 Ensorcelled Hibernation  Hex/Ice        #.....       17%         2    ##.....
 Searing Ray              Conj           #.....       17%         2    ##.....
 Slow                     Hex            #.......     17%         2    ##.....
 Confuse                  Hex            #.......     34%         3    ###....
 Conjure Flame            Conj/Fire      #.......     34%         3    ###....
 Dazzling Spray           Conj/Hex       #.....       34%         3    ###....
 Mephitic Cloud           Conj/Pois/Air  #.......     34%         3    ###....
 Tukima's Dance           Hex            #.......     34%         3    ###....
 Force Lance              Conj/Tloc      #.......     67%         4    ####...
 Fulminant Prism          Conj/Hex       #.........   75%         4    ####...
 Iskenderun's Mystic Bla  Conj           #.......     75%         4    ####...
 Dispel Undead            Necr           #####...     5%          5    ######.
 Excruciating Wounds      Chrm/Necr      ####......   38%         5    ######.
 Simulacrum               Ice/Necr       ####......   92%         6    #######


Dungeon Overview and Level Annotations

Branches:
Dungeon (9/15)             Temple (0/1) D:7            Lair (3/6) D:9
 Shoals (0/4) Lair:3       Spider (0/4) Lair:2          Orc (0/2) D:9

Altars:
Elyvilon
Fedhas
Gozag
Hepliaklqana
Kikubaaqudgha
Nemelex Xobeh
Qazlal
Ru
Uskayaw
Vehumet
Xom
Yredelemnul
Zin

Annotations:
D:4 3 runed translucent doors, skumtomte's ghost, novice DEFE
D:6 exclusion: hydra
D:8 exclusions: jelly and 2 skeletal warriors


Innate Abilities, Weirdness & Mutations

You cannot wear most types of armour.
You are very stealthy in the water. (Stealth+)
You are amphibious.
You can wear up to eight rings at the same time.
You can use your tentacles to constrict eight enemies at once.
Your skin changes colour to match your surroundings (Stealth+).
Your rubbery body absorbs attacks. (AC +1, EV +1)


Message History

The ice statue gestures at you. The bolt of cold misses you.
You sock the ice statue! You squeeze the ice statue.
The ice statue is almost destroyed.
The ice beast misses you.
The ice beast hits you but does no damage.
You thump the ice statue!
You destroy the ice statue!
Kikubaaqudgha accepts your kill.
The ice beast disappears in a puff of smoke! x2
Unknown command.
Done exploring.
Done exploring.
Done exploring.
A polar bear comes into view.
You can't go up here!
Unknown command.
The polar bear growls angrily.
You bludgeon the polar bear!!
The polar bear is heavily wounded.
The polar bear bites you!
The polar bear claws you but does no damage.
The polar bear closely misses you.
You bludgeon the polar bear!!
The polar bear is almost dead.
The polar bear goes berserk!
You hit the polar bear.
The polar bear is almost dead.
The polar bear bites you! The polar bear closely misses you.
The polar bear claws you. The polar bear bites you.
The polar bear barely misses you. The polar bear closely misses you.
You barely miss the polar bear.
You squeeze the polar bear, but do no damage.
The polar bear is almost dead.
The polar bear bites you!
* * * LOW HITPOINT WARNING * * *
The polar bear claws you.
* * * LOW HITPOINT WARNING * * *
The polar bear claws you but does no damage.
The polar bear bites you!
* * * LOW HITPOINT WARNING * * *
The polar bear completely misses you.
The polar bear claws you but does no damage.
You barely miss the polar bear.
The polar bear is almost dead.
The polar bear bites you!!
* * * LOW HITPOINT WARNING * * *
The polar bear claws you.
You die...
Kikubaaqudgha rasps: "You have failed me!
Welcome... death!"

### ### ###..#..##..##
##≈###≈## ##...##≈.#.##
#≈≈≈≈≈≈≈### ##.##≈≈.#..#
##≈≈≈≈≈≈≈≈######≈≈##...#
######≈≈≈≈≈≈≈≈≈≈##...##
#######≈≈≈#≈≈##....#
##..## ########.....#
##...h#####..####....##
#.....@.##....##....###
#.∩.∩.......#.......##.
#..........###......##.
##....##..## ###...#...
##..###### ##...... ####
#....... ##......
##..... ##....


You could see a polar bear (berserk).

Vanquished Creatures
  A frost giant (IceCv)
  Harold (D:7)
  A two-headed ogre (D:9)
  A black mamba (Lair:1)
  An ice statue (IceCv)
  5 spiny frogs
  2 rime drakes (Lair:3)
  2 jumping spiders (Lair:2)
  12 polar bears (IceCv)
  8 blink frogs (Lair:2)
  A hornet (D:8)
  4 slime creatures (D:9)
  3 hippogriffs
  12 yaks
  A redback (Lair:2)
  A wyvern (D:9)
  2 hungry ghosts
  Grum (D:9)
  A soldier ant (D:8)
  3 water moccasins
  3 porcupines
  3 ice beasts
  3 sky beasts
  2 orc warriors
  A phantom (D:4)
  13 wolves
  An ogre (D:7)
  2 crocodiles
  Blork the orc (D:4)
  14 bullfrogs
  3 scorpions
  4 killer bees (D:7)
  4 wights (D:8)
  2 electric eels (Lair:2)
  6 crimson imps
  A quasit (D:8)
  4 bullfrog skeletons
  3 jellies
  3 orc priests
  6 iguanas
  8 orc wizards
  3 worker ants (D:4)
  A howler monkey zombie (D:6)
  4 gnolls
  8 adders
  A shadow imp (D:7)
  An ooze (D:1)
  7 worms
  10 dart slugs
  3 leopard geckos
  44 orcs
  5 bats
  3 giant cockroaches (D:1)
  7 goblins
  7 hobgoblins
  6 jackals
  8 quokkas
  10 frilled lizards
  A jackal zombie (D:5)
  9 kobolds
  3 leopard gecko skeletons
  5 rats
  A butterfly (Lair:2)
297 creatures vanquished.

Vanquished Creatures (collateral kills)
  A polar bear (IceCv)
  A jumping spider (Lair:2)
  A redback (Lair:2)
  2 yaks (IceCv)
  2 wolves (IceCv)
7 creatures vanquished.

Vanquished Creatures (others)
  A rime drake (Lair:2)
  4 fungi
  5 plants (Lair:2)
10 creatures vanquished.

Grand Total: 314 creatures vanquished

Notes
Turn   | Place    | Note
-------+----------+-------------------------------------------
     0 | D:1      | Flugkiller the Octopode Wanderer began the quest for the
                  | Orb.
     0 | D:1      | Flugkiller set off with the following items: a +2 dagger, a
                  | scroll of blinking, a potion of lignification, a +0 spear,
                  | a ration
     0 | D:1      | Reached XP level 1. HP: 17/17 MP: 1/1
    59 | D:1      | Reached skill level 1 in Dodging
   114 | D:1      | Reached XP level 2. HP: 22/22 MP: 2/2
   383 | D:1      | Reached skill level 2 in Dodging
   554 | D:1      | Reached XP level 3. HP: 27/27 MP: 3/3
   786 | D:1      | Reached skill level 3 in Dodging
   893 | D:2      | Found a shimmering altar of Xom.
   895 | D:2      | Found a hazy altar of Hepliaklqana.
  1021 | D:2      | Reached XP level 4. HP: 33/33 MP: 4/4
  1471 | D:2      | Reached skill level 4 in Dodging
  1877 | D:2      | Found an ancient bone altar of Kikubaaqudgha.
  1877 | D:2      | Found a stormy altar of Qazlal.
  1886 | D:2      | Became a worshipper of Kikubaaqudgha
  2040 | D:3      | Reached XP level 5. HP: 37/37 MP: 5/5
  2796 | D:4      | Reached skill level 5 in Dodging
  3027 | D:4      | Found a runed translucent gate.
  3027 | D:4      | Found a runed translucent gate.
  3030 | D:4      | Reached * piety under Kikubaaqudgha
  3030 | D:4      | Identified Kikubaaqudgha's Disquisition on Evil Magic
                  | (Kikubaaqudgha gifted it to you on level 4 of the Dungeon)
  3030 | D:4      | Received a gift from Kikubaaqudgha
  3030 | D:4      | Reached XP level 6. HP: 43/43 MP: 6/6
  3057 | D:4      | Found a runed translucent gate.
  3057 | D:4      | Noticed skumtomte's ghost (novice DEFE)
  3099 | D:4      | Reached skill level 6 in Dodging
  3119 | D:4      | Learned a level 2 spell: Corpse Rot
  3127 | D:4      | Noticed a phantom
  3345 | D:4      | Found a sacrificial altar of Ru.
  3556 | D:4      | Reached skill level 1 in Necromancy
  3558 | D:4      | Reached skill level 1 in Spellcasting
  3775 | D:4      | Killed a phantom
  3775 | D:4      | Reached XP level 7. HP: 40/48 MP: 7/9
  3865 | D:4      | Found a blossoming altar of Fedhas.
  3876 | D:4      | Noticed Blork the orc
  3887 | D:4      | Killed Blork the orc
  4017 | D:5      | Entered Level 5 of the Dungeon
  4327 | D:5      | Found a basalt altar of Yredelemnul.
  4417 | D:5      | Noticed a hungry ghost
  4480 | D:5      | Killed a hungry ghost
  4480 | D:5      | Reached skill level 1 in Shields
  4692 | D:5      | Reached XP level 8. HP: 32/54 MP: 8/11
  5000 | D:6      | Found a glowing silver altar of Zin.
  5326 | D:6      | Learned a level 3 spell: Conjure Flame
  5331 | D:6      | Noticed a six-headed hydra
  5926 | D:7      | Reached skill level 7 in Dodging
  6199 | D:7      | Found a staircase to the Ecumenical Temple.
  6381 | D:7      | Reached skill level 8 in Dodging
  6563 | D:7      | Noticed Harold
  6592 | D:7      | Killed Harold
  6592 | D:7      | Reached skill level 10 in Dodging
  6592 | D:7      | Reached XP level 9. HP: 31/58 MP: 6/12
  7205 | D:7      | Reached skill level 5 in Fighting
  7392 | D:8      | Reached skill level 1 in Evocations
  7660 | D:8      | Reached ** piety under Kikubaaqudgha
  7667 | D:8      | Noticed a skeletal warrior
  7714 | D:8      | Noticed a skeletal warrior
  7842 | D:8      | Reached skill level 1 in Maces & Flails
  7907 | D:8      | Reached XP level 10. HP: 64/68 MP: 13/13
  8026 | D:8      | Found a hide-covered altar of Uskayaw.
  8026 | D:8      | Found a radiant altar of Vehumet.
  8031 | D:8      | Found an opulent altar of Gozag.
  8033 | D:8      | Found a sparkling altar of Nemelex Xobeh.
  8035 | D:8      | Found a white marble altar of Elyvilon.
  8098 | D:8      | Paralysed by a hornet for 2 turns
  8354 | D:8      | Noticed a skeletal warrior
  8838 | D:9      | Reached skill level 5 in Evocations
  8942 | D:9      | Reached skill level 5 in Maces & Flails
  9148 | D:9      | Found a staircase to the Lair.
  9168 | D:9      | Noticed a two-headed ogre
  9261 | D:9      | Reached *** piety under Kikubaaqudgha
  9261 | D:9      | Identified Kikubaaqudgha's Tome of Dark Secrets
                  | (Kikubaaqudgha gifted it to you on level 9 of the Dungeon)
  9261 | D:9      | Received a gift from Kikubaaqudgha
  9449 | D:9      | Found a staircase to the Orcish Mines.
  9592 | D:9      | Killed a two-headed ogre
  9779 | D:9      | Noticed Grum
 10144 | D:9      | Killed Grum
 10240 | D:9      | Reached XP level 11. HP: 61/72 MP: 7/14
 10422 | Lair:1   | Entered Level 1 of the Lair of Beasts
 11000 | Lair:1   | Reached skill level 5 in Necromancy
 11128 | Lair:1   | Reached skill level 10 in Maces & Flails
 11332 | Lair:1   | Reached **** piety under Kikubaaqudgha
 12004 | Lair:2   | Learned a level 4 spell: Animate Dead
 12010 | Lair:2   | Learned a level 5 spell: Agony
 12013 | Lair:2   | Learned a level 2 spell: Blink
 12164 | Lair:2   | Reached skill level 1 in Translocations
 13250 | Lair:2   | Found a hole to the Spider Nest.
 13290 | Lair:2   | Reached XP level 12. HP: 27/79 MP: 16/16
 13639 | Lair:3   | Found a staircase to the Shoals.
 13684 | Lair:3   | Found a frozen archway.
 13717 | IceCv    | Entered an ice cave
 13847 | IceCv    | Reached skill level 11 in Dodging
 14647 | IceCv    | Noticed a frost giant
 15945 | IceCv    | Identified the +9 great mace of Flawed Execution {elec, rN+
                  | MR+ Int+3}
 15974 | IceCv    | Killed a frost giant
 15974 | IceCv    | Reached skill level 12 in Dodging
 15974 | IceCv    | Reached skill level 10 in Necromancy
 16197 | IceCv    | HP: 2/79 [polar bear (18)]
 16197 | IceCv    | Slain by a polar bear

Levels and vault maps discovered:
D:1:      scummos_arrival_gate, layout_loops_cross, minmay_misc_feat_encased
D:2:      layout_basic, nicolae_overflow_hidden_temple, first_ration
D:3:      kennysheep_slugbush, layout_loops_ring,
          minmay_randomly_rotated_circles
D:4:      layout_cave_pools, old_standard_altar, lemuel_coloured_pillars_altar,
          ebering_ghost_rock_garden, uniq_blork_the_orc
D:5:      layout_rooms, yredelemnul_altar_generic, minivault_1
D:6:      layout_rooms, overflow_temple_1_default
D:7:      layout_basic, minmay_temple_entry_drinking_statues, uniq_harold
D:8:      layout_basic, chequers_temple_overflow_minitemple,
          hangedman_pestilent_swarm
D:9:      layout_loops_ring, dpeg_oklobed_lair, hiddenorc1_lemuel,
          hangedman_abyss_or_decor_stabs, uniq_grum
Lair:1:   layout_misc_corridors, minivault_19
Lair:2:   layout_roguey, spider_nest_entry_a, fungi_pond_lemuel,
          lemuel_fruit_fields, serial_bayou_shore_a, lemuel_fruit_tree
Lair:3:   layout_roguey, minmay_shoals_entry_lonely_mermaid,
          ebering_ghost_inner_flame, portal_ice_cave_rime, grunt_megastairs_2
IceCv:    ice_cave_small_giant

Skill      XL: |  1  2  3  4  5  6  7  8  9 10 11 12 |
---------------+-------------------------------------+-----
Dodging        | 1 2 3 4 5 6 10 12 | 12.1
Necromancy     | 1 3 4 8 10 | 10.0
Spellcasting   | 1 2 3 |  3.0
Shields        | 2 4 |  4.3
Fighting       | 6 |  6.0
Evocations     | 3 5 |  5.1
Maces & Flails | 2 8 10 | 10.0
Translocations | 1 |  1.0
Polearms       | |  2.0
Stealth        | |  5.3

Action                   |  1- 3 |  4- 6 |  7- 9 | 10-12 || total
-------------------------+-------+-------+-------+-------++-------
Melee: Dagger            |    56 |   101 |   197 |       ||   354
       Constrict         |    15 |    36 |    47 |    64 ||   162
       Tentacles         |     9 |    27 |    54 |   115 ||   205
       Flail             |       |    17 |    55 |   503 ||   575
       Great mace        |       |       |       |    17 ||    17
Throw: Dart              |       |    11 |    13 |     7 ||    31
       Boomerang         |       |     9 |       |       ||     9
 Cast: Corpse Rot        |       |       |     5 |    21 ||    26
       Conjure Flame     |       |       |     1 |       ||     1
       Animate Dead      |       |       |       |     2 ||     2
Invok: Receive Corpses   |       |       |     7 |    11 ||    18
Evoke: Wand              |       |       |     1 |     6 ||     7
       Lightning rod     |       |       |       |     2 ||     2
  Use: Scroll            |       |       |    13 |     6 ||    19
       Potion            |       |       |       |     2 ||     2
 Stab: Sleeping          |    18 |    16 |    18 |    17 ||    69
       Paralysed         |       |       |       |     5 ||     5
       Distracted        |       |       |       |     3 ||     3
  Eat: Chunk             |       |     9 |    14 |    24 ||    47
       Ration            |       |       |     3 |     2 ||     5
Armor: Skin              |     2 |     4 |     9 |    73 ||    88
Dodge: Dodged            |    25 |    46 |   164 |   459 ||   694
Block: Buckler           |     2 |    15 |    39 |   127 ||   183

Table legend:
 A = Non-vault XP
 B = Vault XP
 C = Vault XP percentage of total XP
 D = Non-vault monster count
 E = Vault monster count
 F = Vault count percentage of total count
                 A         B        C        D         E       F
            +---------+---------+-------+---------+---------+-------
      Total |   14919 |   13036 |  46.6 |     219 |      84 |  27.7
            +---------+---------+-------+---------+---------+-------
        D:1 |      55 |       0 |   0.0 |      29 |       0 |   0.0
        D:2 |      70 |       0 |   0.0 |      22 |       0 |   0.0
        D:3 |      78 |      41 |  34.5 |      12 |      14 |  53.8
        D:4 |     538 |      90 |  14.3 |      21 |       1 |   4.5
        D:5 |     372 |       0 |   0.0 |      10 |       0 |   0.0
        D:6 |     265 |       0 |   0.0 |       4 |       0 |   0.0
        D:7 |    1148 |    1013 |  46.9 |      22 |       1 |   4.3
        D:8 |    1368 |     426 |  23.7 |      30 |       4 |  11.8
        D:9 |    3358 |     903 |  21.2 |      34 |      22 |  39.3
     Lair:1 |    4347 |       0 |   0.0 |      20 |       0 |   0.0
     Lair:2 |    3320 |    1162 |  25.9 |      15 |       5 |  25.0
     Lair:3 |       0 |     708 | 100.0 |       0 |       2 | 100.0
      IceCv |       0 |    8693 | 100.0 |       0 |      35 | 100.0
            +---------+---------+-------+---------+---------+-------
